 Dungeon Crawl Stone Soup version 0.31-a0-1537-g69dc257577 (webtiles) character file.

Game seed: 6388682754268794370

62404 Conn the Thaumaturge (level 15, -2/77 HPs)
             Began as a Vine Stalker Conjurer on Jan 1, 2024.
             Was a High Priest of Zin.
             Slain by an alligator (8 damage)
             ... on level 3 of the Swamp.
             The game lasted 02:00:16 (22391 turns).

Conn the Thaumaturge (Vine Stalker Conjurer)       Turns: 22391, Time: 02:00:17

Health: -2/77      AC:  8    Str:  9    XL:     15   Next: 6%
Magic:  0/31       EV: 17    Int: 38    God:    Zin [*****.]
Gold:   2559       SH: 10    Dex: 12    Spells: 4/36 levels left

rFire   . . .        a - +5 dagger "Reori" {flame, Str-3 Int+8}
rCold   . . .        p - +0 kite shield
rNeg    . . .        H - +0 robe {Will+}
rPois   +            i - +2 hat {Stlth+}
rElec   .            X - +0 cloak {rPois}
rCorr   .            y - +2 pair of gloves
SInv    .            (no boots)
Will    ++...        r - amulet of magic regeneration
Stlth   ++           Y - +6 ring of intelligence
HPRegen 1.12/turn    E - +5 ring of evasion
MPRegen 0.62/turn

%: guardian spirit
@: lethally poisoned (-2 -> -2), slowed, very slow
A: fangs 3, regeneration 1, magic shield, antimagic bite, no potion heal 2
a: Renounce Religion, Recite, Vitalisation, Imprison, Sanctuary, Donate Gold


You were on level 3 of the Swamp.
You worshipped Zin.
Zin was extremely pleased with you.
You visited 6 branches of the dungeon, and saw 23 of its levels.
You also visited: Ice Cave.

You collected 3746 gold pieces.
You spent 558 gold pieces at shops.
You donated 629 gold pieces to Zin.

Inventory:

Hand Weapons
 a - the +5 dagger "Reori" (weapon) {flame, Str-3 Int+8}
   (You found it on level 2 of the Dungeon)

   Str-3:     It affects your strength (-3).
   Int+8:     It affects your intelligence (+8).
 b - a +2 heavy shortbow
 F - the +6 shillelagh "Devastator" {shatter}
   (You found it on level 5 of the Dungeon)
Missiles
 u - 2 curare-tipped darts (quivered)
 x - 6 darts of dispersal
Armour
 i - a +2 hat of stealth (worn)
 p - a +0 kite shield (worn)
 y - a +2 pair of gloves (worn)
 H - a +0 robe of willpower (worn)
 X - a +0 cloak of poison resistance (worn)
Magical Staves
 R - a staff of cold
Jewellery
 d - an amulet of the acrobat
 e - a ring of protection from cold
 j - a +5 ring of evasion
 n - a +6 ring of strength
 r - an amulet of magic regeneration (around neck)
 t - a ring of positive energy
 v - a ring of positive energy
 A - a +6 ring of strength
 B - a +6 ring of dexterity
 C - a ring of resist corrosion
 D - an amulet of reflection
 E - a +5 ring of evasion (right hand)
 J - a ring of protection from cold
 M - a +6 ring of dexterity
 Q - a ring of positive energy
 U - a +5 ring of evasion
 Y - a +6 ring of intelligence (left hand)
Wands
 w - a wand of iceblast (18)
 K - a wand of flame (40)
 V - a wand of mindburst (28)
 W - a wand of light (3)
Scrolls
 g - 5 scrolls of fog
 k - 2 scrolls of silence
 m - 5 scrolls of identify
 z - a scroll of brand weapon
 G - a scroll of vulnerability
 I - 6 scrolls of poison
 O - 5 scrolls of teleportation
 P - 2 scrolls of revelation
 S - 2 scrolls of immolation
Potions
 c - 6 potions of curing
 f - a potion of might
 h - 4 potions of brilliance
 l - a potion of resistance
 o - 2 potions of ambrosia
 q - 4 potions of enlightenment
 s - a potion of degeneration
 N - 4 potions of heal wounds
 T - 2 potions of lignification
 Z - a potion of cancellation


   Skills:
 + Level 7.9 Fighting
 - Level 3.0 Short Blades
 - Level 1.8 Ranged Weapons
 + Level 7.3 Dodging
 - Level 7.0 Stealth
 + Level 7.3 Shields
 - Level 0.8 Unarmed Combat
 + Level 11.4 Spellcasting
 * Level 10.0 Conjurations
 - Level 5.0 Hexes
 - Level 4.3 Summonings
 - Level 5.0 Translocations
 - Level 10.0 Fire Magic
 - Level 4.0 Alchemy
 + Level 7.6 Invocations


You had 4 spell levels left.
You knew the following spells:

 Your Spells              Type           Power      Damage    Failure   Level
a - Magic Dart            Conj           100%       1d8       1%          1
b - Searing Ray           Conj           100%       2d8       1%          2
c - Inner Flame           Hex/Fire       68%        N/A       1%          3
d - Flame Wave            Conj/Fire      78%        2d17      1%          4
e - Call Canine Familiar  Summ           53%        N/A       3%          3
f - Iskenderun's Mystic   Conj/Tloc      68%        2d14      3%          4
g - Fulminant Prism       Conj/Alch      33%        3d16      3%          4
h - Orb of Destruction    Conj           39%        9d11      67%         7
i - Summon Blazeheart Go  Fire/Summ      66%        N/A       3%          4

Your spell library contained the following spells:

 Spells                   Type           Power      Damage    Failure   Level
 Shock                    Conj/Air       100%       1d9       1%          1
 Sigil of Binding         Hex            56%        N/A       2%          3
 Tukima's Dance           Hex            56%        N/A       2%          3
 Sticky Flame             Fire/Alch      66%        2d11      3%          4
 Sandblast                Erth           42%        2d11      7%          1
 Dimensional Bullseye     Hex/Tloc       28%        N/A       9%          4
 Swiftness                Air            21%        N/A       21%         3
 Leda's Liquefaction      Alch/Erth      18%        N/A       28%         4
 Airstrike                Air            10%        2d(2-18)  54%         4
 Spellforged Servitor     Conj/Summ      33%        N/A       96%         7
 Shatter                  Erth           10%        3d12*     100%        9


Dungeon Overview and Level Annotations

Branches:
Dungeon (11/15)            Temple (1/1) D:4            Lair (5/5) D:11
  Swamp (3/4) Lair:3       Spider (0/4) Lair:3        Slime (0/5) Lair:4
    Orc (2/2) D:9             Elf (1/3) Orc:2         IceCv (visited)

Altars:
Ashenzari
Cheibriados
Dithmenos
Elyvilon
Fedhas
Gozag
Hepliaklqana
Kikubaaqudgha
Makhleb
Nemelex Xobeh
Okawaru
Qazlal
Ru
Sif Muna
Trog
Uskayaw
Vehumet
Wu Jian
Xom
Yredelemnul
Zin
The Shining One
Jiyva

Shops:
D:5 [   D:9 *   D:10 *   Orc:2 (???

Annotations:
D:11 3 runed translucent doors, sanka's ghost, journeyman OnGl
Elf:1 4 runed translucent doors


Innate Abilities, Weirdness & Mutations

You have razor-sharp teeth.
Your natural rate of healing is unusually fast.
When hurt, damage is shared between your health and your magic reserves.
Your bite disrupts and absorbs the magic of your enemies.
Potions cannot restore your health.


Message History

A wave of flame ripples out!
The flame wave engulfs the alligator!
The alligator is moderately wounded.
The flame wave engulfs the swamp worm!
The swamp worm is almost dead.
The flame wave engulfs the spriggan!!
You kill the spriggan!
You hear a splash. x3
The flame wave engulfs the swamp dragon!
The swamp dragon is moderately wounded.
You smell burning wood.
You finish channelling waves of flame.
You feel sick.
You hear a chilling moan.
You block the swamp worm's attack.
The alligator is engulfed in a cloud of scalding steam.
The alligator completely misses you. The alligator misses you.
You block the swamp worm's attack.
The swamp dragon is engulfed in a cloud of scalding steam.
You block the alligator's attack. The alligator bites you!
The alligator drags you backwards!
Splash!
Unknown command.
Casting: Flame Wave (dangerous; 1% risk of failure)
Confirm with . or Enter, or press ? or * to list all spells.
Casting: Flame Wave (dangerous; 1% risk of failure)
Press: ? - help, Dir - look around, f - activate A wave of flame ripples out!
The flame wave engulfs the alligator!!
The alligator is heavily wounded.
The flame wave engulfs the swamp dragon!!
The swamp dragon is severely wounded.
The flame wave engulfs the swamp worm!
You kill the swamp worm! (Press . to intensify the flame waves.)
You are engulfed in a cloud of scalding steam.
* * * LOW HITPOINT WARNING * * *
You feel sick.
The swamp dragon is engulfed in a cloud of scalding steam.
The swamp dragon bites you!
* * * LOW HITPOINT WARNING * * *
You block the swamp dragon's attack. The swamp dragon closely misses you.
The alligator tail-slaps you!
You die...

♣~~....<...♣♣♣~~
♣....~~~~~.~.~♣♣♣~ ♣♣
♣♣♣♣.§~~~~....... ≈≈ ≈
♣~~§§.~~~.~~~.♣≈ ≈≈
♣~~~..~~~~~~~♣≈ ≈≈≈
♣♣~~~.†~§.....~♣≈≈ ≈
♣~..[.†~~~§§§§§§♣≈≈≈
♣§....~!~~§§§D§§.≈≈♣
♣♣~~~~~~~~§§§@l§.~~~
~(....~~~.§§..[....<.
~.~~~~~~.§..§§§§.§..~♣
~..~~~~~~~~§.§§§§§§~.~.
~♣♣~~~~~~~~~~.~~~~§X~§~
♣♣.~~~♣..~.~~~.....~~
♣♣♣♣♣§.~♣♣$[§...♣~~§
♣♣.§ .~~~~.....~


You could see a tentacled monstrosity, a swamp dragon and an alligator.

Vanquished Creatures
  Nikola (Swamp:1)
  A deep elf sorcerer (Orc:2)
  2 eleionomae (Swamp:1)
  A deep elf annihilator (Elf:1)
  The ghost of vurker the Fighter, a journeyman DjAE of Makhleb (Lair:2)
  4 hydras
  A ghost crab (Swamp:1)
  5 alligators
  A two-headed ogre (D:10)
  3 orc high priests
  Amaemon (Lair:1)
  A skyshark (Lair:5)
  A goliath frog (Swamp:1)
  A swamp dragon (Swamp:3)
  A deep elf pyromancer (Elf:1)
  A deep elf zephyrmancer (Elf:1)
  2 ugly things (IceCv)
  4 orc sorcerers (Orc:2)
  A cyclops (Orc:1)
  Maurice (D:11)
  A kobold blastminer (Orc:1)
  5 black mambas
  An orange demon (Lair:1)
  2 ice statues (IceCv)
  11 cane toads
  3 kobold demonologists (D:11)
  9 komodo dragons
  8 polar bears
  2 tyrant leeches
  5 trolls
  14 blink frogs
  Grinder (D:3)
  11 hornets
  2 slime creatures (Lair:4)
  3 culicivoras
  2 shadows (D:10)
  19 spriggans
  4 jumping spiders (Lair:3)
  5 wyverns
  A vampire (D:11)
  46 yaks
  3 wargs
  2 basilisks
  7 vampire mosquitoes
  2 redbacks (Lair:3)
  5 swamp worms
  A death yak simulacrum (IceCv)
  An acid dragon (D:8)
  4 water moccasins
  24 orc warriors
  4 ogres
  5 black bears
  An ice beast (D:6)
  24 wolves
  3 boggarts (Lair:5)
  5 centaurs
  2 kobold brigands
  7 bullfrogs
  Blork the orc (D:5)
  A cane toad simulacrum (IceCv)
  2 scorpions
  3 two-headed ogre simulacra (D:11)
  3 wights (D:6)
  6 killer bees (D:9)
  5 howler monkeys
  A vampire bat (Orc:2)
  3 electric eels (D:7)
  A crimson imp (D:4)
  3 bombardier beetles
  3 jellies
  31 orc priests
  2 sleepcaps
  A hound (D:6)
  2 iguanas
  47 orc wizards
  2 spriggan simulacra (D:11)
  5 hell rats (Lair:2)
  A polar bear simulacrum (IceCv)
  A wolf simulacrum (IceCv)
  6 adders
  A shadow imp (D:6)
  2 ufetubi (D:5)
  3 dart slugs
  81 orcs
  6 endoplasms
  3 giant cockroaches
  5 goblins
  4 hobgoblins
  2 quokkas (D:4)
  7 ball pythons
  11 bats
  A frilled lizard (D:3)
  12 kobolds
  6 rats
  A fulminant prism (Elf:1)
564 creatures vanquished.

Vanquished Creatures (collateral kills)
  A swamp worm (Lair:3)
  A howler monkey (D:7)
  An orc wizard (Orc:2)
  An adder (D:3)
  2 orcs
6 creatures vanquished.

Vanquished Creatures (others)
  A bog body (Swamp:1)
  48 fulminant prisms
49 creatures vanquished.

Grand Total: 619 creatures vanquished

Notes
Turn   | Place    | Note
-------+----------+-------------------------------------------
     0 | D:1      | Conn the Vine Stalker Conjurer began the quest for the Orb.
     0 | D:1      | Reached XP level 1. HP: 9/9 MP: 4/4
   230 | D:1      | Reached XP level 2. HP: 11/13 MP: 6/6
   915 | D:2      | Got Texych's Monograph on the Cwm
   978 | D:2      | Reached XP level 3. HP: 2/17 MP: 4/7
  1157 | D:2      | Identified the +5 dagger "Reori" {flame, Str-3 Int+8}
  1601 | D:2      | Learned a level 2 spell: Searing Ray
  1605 | D:2      | Learned a level 3 spell: Call Canine Familiar
  1697 | D:3      | Reached XP level 4. HP: 21/21 MP: 9/9
  1785 | D:3      | Reached skill level 1 in Fighting
  1837 | D:3      | Noticed Grinder
  1837 | D:3      | Paralysed by Grinder for 2 turns
  1864 | D:3      | Paralysed by Grinder for 4 turns
  1964 | D:3      | Killed Grinder
  1965 | D:3      | Reached skill level 1 in Short Blades
  1965 | D:3      | Reached skill level 3 in Spellcasting
  1965 | D:3      | Reached skill level 1 in Summonings
  1965 | D:3      | Reached XP level 5. HP: 11/25 MP: 0/11
  1965 | D:3      | Reached XP level 6. HP: 13/30 MP: 0/12
  2196 | D:3      | Reached skill level 5 in Conjurations
  2691 | D:4      | Found a staircase to the Ecumenical Temple.
  2702 | Temple   | Entered the Ecumenical Temple
  2746 | Temple   | Became a worshipper of Elyvilon the Healer
  2873 | D:4      | Found an ornate altar of the Wu Jian Council.
  3046 | D:4      | Found a radiant altar of Vehumet.
  3047 | D:4      | Found a burning altar of Makhleb.
  3052 | D:4      | Reached XP level 7. HP: 33/35 MP: 13/13
  3455 | D:4      | Reached * piety under Elyvilon
  3747 | D:4      | Reached ** piety under Elyvilon
  3961 | D:5      | Entered Level 5 of the Dungeon
  3980 | D:5      | Found Haosim's Armour Emporium.
  3994 | D:5      | Bought a +0 helmet for 49 gold pieces
  3994 | D:5      | Bought a +0 pair of gloves for 49 gold pieces
  3994 | D:5      | Bought a +0 cloak for 49 gold pieces
  4043 | D:5      | Reached skill level 4 in Spellcasting
  4220 | D:5      | Noticed Blork the orc
  4224 | D:5      | Killed Blork the orc
  4785 | D:5      | Reached skill level 1 in Invocations
  4785 | D:5      | Gained mutation: You have razor-sharp teeth. [Vine Stalker
                  | growth]
  4785 | D:5      | Reached XP level 8. HP: 39/39 MP: 8/15
  4868 | D:5      | Found the +6 shillelagh "Devastator" {shatter}
  4889 | D:5      | Learned a level 4 spell: Iskenderun's Mystic Blast
  4985 | D:5      | Reached skill level 1 in Shields
  5400 | D:6      | Reached skill level 1 in Translocations
  5519 | D:6      | Reached *** piety under Elyvilon
  5898 | D:6      | Reached skill level 5 in Spellcasting
  5997 | D:6      | Reached skill level 5 in Stealth
  6690 | D:7      | Reached XP level 9. HP: 44/44 MP: 17/17
  6789 | D:7      | Reached **** piety under Elyvilon
  6891 | D:7      | Learned a level 3 spell: Inner Flame
  6896 | D:7      | Learned a level 4 spell: Flame Wave
  7226 | D:7      | Reached skill level 1 in Fire Magic
  7314 | D:7      | Reached skill level 1 in Hexes
  7849 | D:8      | Reached skill level 1 in Ranged Weapons
  7858 | D:8      | Was placed under penance by Elyvilon
  8778 | D:9      | Found a staircase to the Orcish Mines.
  8887 | D:9      | Reached XP level 10. HP: 46/49 MP: 15/19
  8982 | D:9      | Reached skill level 6 in Spellcasting
  9107 | D:9      | Found Lugodoy's Demolitions Depot.
  9238 | D:9      | Found a glowing silver altar of Zin.
  9304 | D:9      | Was forgiven by Elyvilon
  9494 | D:10     | Entered Level 10 of the Dungeon
  9575 | D:10     | Learned a level 4 spell: Fulminant Prism
  9889 | D:10     | Found Uloxzoir's Assorted Antiques.
 10274 | D:10     | Reached skill level 1 in Alchemy
 10373 | D:10     | Noticed a two-headed ogre
 10384 | D:10     | Killed a two-headed ogre
 10384 | D:10     | Was placed under penance by Elyvilon
 10657 | D:10     | Found a sparkling altar of Nemelex Xobeh.
 10742 | D:10     | Found a bloodstained altar of Trog.
 10745 | D:10     | Found a shadowy altar of Dithmenos.
 10748 | D:10     | Found an iron altar of Okawaru.
 10988 | D:11     | Found a runed translucent gate.
 10988 | D:11     | Found a runed translucent gate.
 10988 | D:11     | Found a runed translucent gate.
 10989 | D:11     | Noticed a nine-headed hydra
 10989 | D:11     | Noticed sanka's ghost (journeyman OnGl)
 10992 | D:11     | Found a frozen archway.
 11084 | IceCv    | Entered an ice cave
 11084 | IceCv    | Noticed a white ugly thing
 11109 | IceCv    | Killed a white ugly thing
 11110 | IceCv    | Reached XP level 11. HP: 28/53 MP: 16/22
 11117 | IceCv    | Found a transporter.
 11122 | IceCv    | Noticed a white ugly thing
 11126 | IceCv    | Found a transporter.
 11167 | IceCv    | Killed a white ugly thing
 11180 | IceCv    | Reached skill level 7 in Spellcasting
 11268 | D:11     | Noticed an 11-headed hydra
 11821 | D:9      | Fell from the grace of Elyvilon
 11821 | D:9      | Became a worshipper of Zin the Law-Giver
 11821 | D:9      | Reached * piety under Zin
 11821 | D:9      | Reached ** piety under Zin
 11821 | D:9      | Reached *** piety under Zin
 11824 | D:9      | Donated 318 gold pieces to Zin
 11943 | Orc:1    | Entered Level 1 of the Orcish Mines
 12002 | Orc:2    | Entered Level 2 of the Orcish Mines
 12063 | Orc:2    | Reached **** piety under Zin
 12083 | Orc:2    | Was placed under penance by Zin
 12257 | Orc:1    | Was forgiven by Zin
 12443 | Orc:2    | Was placed under penance by Zin
 12446 | Orc:2    | Reached skill level 5 in Fire Magic
 12627 | Orc:2    | Noticed an orc high priest
 12668 | Orc:2    | Noticed an orc sorcerer
 12673 | Orc:2    | Killed an orc sorcerer
 12723 | Orc:1    | Noticed a cyclops
 12733 | Orc:1    | Killed a cyclops
 12740 | Orc:1    | Noticed an orc high priest
 12752 | Orc:1    | Killed an orc high priest
 12753 | Orc:1    | Reached skill level 5 in Hexes
 12909 | Orc:2    | Noticed an orc sorcerer
 12919 | Orc:2    | Killed an orc sorcerer
 12920 | Orc:2    | Reached skill level 5 in Fighting
 12920 | Orc:2    | Reached XP level 12. HP: 41/60 MP: 4/24
 12933 | Orc:2    | Noticed a soul eater
 12938 | Orc:2    | Reached skill level 8 in Spellcasting
 13035 | Orc:2    | Noticed an orc high priest
 13043 | Orc:2    | Zin protects you from harm!
 13120 | Orc:2    | Was forgiven by Zin
 13191 | Orc:2    | Reached skill level 5 in Dodging
 13192 | Orc:2    | Killed an orc high priest
 13303 | Orc:2    | Found a staircase to the Elven Halls.
 13514 | Orc:2    | Found Biloibaib's Magic Scroll Boutique.
 13514 | Orc:2    | Found Naetwyuw's Antique Weapon Shop.
 13514 | Orc:2    | Found Vaduplam's Magic Scroll Boutique.
 13520 | Orc:2    | Found Fomun's Magic Scroll Shop.
 13539 | Orc:2    | Bought a scroll of blinking for 97 gold pieces
 13539 | Orc:2    | Bought a scroll of enchant armour for 97 gold pieces
 13540 | Orc:2    | Bought a scroll of butterflies for 56 gold pieces
 13540 | Orc:2    | Bought a scroll of fear for 56 gold pieces
 13541 | Orc:2    | Bought a scroll of enchant armour for 105 gold pieces
 13573 | Orc:2    | Noticed a soul eater
 13573 | Orc:2    | Noticed a soul eater
 13579 | Orc:2    | Killed an orc high priest
 13996 | Elf:1    | Entered Level 1 of the Elven Halls
 13996 | Elf:1    | Noticed a deep elf annihilator
 13996 | Elf:1    | Noticed a deep elf sorcerer
 13996 | Elf:1    | Found a runed translucent gate.
 13996 | Elf:1    | Found a runed translucent gate.
 13996 | Elf:1    | Found a runed translucent gate.
 13996 | Elf:1    | Found a runed translucent gate.
 13996 | Elf:1    | Found a runed translucent gate.
 13996 | Elf:1    | Found a runed translucent gate.
 13997 | Elf:1    | Found a runed translucent door.
 14025 | Orc:2    | Killed a deep elf sorcerer
 14100 | Elf:1    | Killed a deep elf annihilator
 14101 | Elf:1    | Found a runed translucent door.
 14108 | Elf:1    | Identified the +7 halberd "Linautich" {drain, rN+ Str+2
                  | Int+3}
 14144 | Elf:1    | Reached skill level 5 in Translocations
 14481 | D:11     | Noticed Maurice
 14490 | D:11     | Was placed under penance by Zin
 14512 | D:11     | Killed Maurice
 14527 | D:11     | Reached skill level 5 in Shields
 14527 | D:11     | Reached skill level 5 in Invocations
 14722 | D:11     | Found a staircase to the Lair.
 15126 | Lair:1   | Entered Level 1 of the Lair of Beasts
 15136 | Lair:1   | Was forgiven by Zin
 15351 | Lair:1   | Reached skill level 9 in Spellcasting
 15483 | Lair:1   | Reached XP level 13. HP: 43/65 MP: 13/27
 15586 | Lair:1   | Noticed Amaemon
 15603 | Lair:1   | Killed Amaemon
 16486 | Lair:2   | Reached ***** piety under Zin
 16576 | Lair:2   | Found a large runed translucent door.
 16576 | Lair:2   | Found a large runed translucent door.
 16578 | Lair:2   | Noticed vurker's ghost (journeyman DjAE)
 16609 | Lair:2   | Killed vurker's ghost
 17727 | Lair:3   | Found a hole to the Spider Nest.
 17991 | Lair:3   | Was placed under penance by Zin
 18102 | Lair:3   | Reached skill level 10 in Spellcasting
 18193 | Lair:3   | Found a staircase to the Swamp.
 18882 | Lair:4   | Identified a scroll of acquirement
 18882 | Lair:4   | Acquired 1258 gold pieces
 18883 | Lair:4   | Was forgiven by Zin
 18910 | Lair:4   | Found a viscous altar of Jiyva.
 18910 | Lair:4   | Found a staircase to the Slime Pits.
 19229 | Lair:4   | Reached XP level 14. HP: 70/70 MP: 22/29
 19589 | Lair:5   | Entered Level 5 of the Lair of Beasts
 20031 | Lair:5   | Found a broken altar of Ashenzari.
 20434 | Lair:5   | Reached skill level 11 in Spellcasting
 21396 | Swamp:1  | Entered Level 1 of the Swamp
 21498 | Swamp:1  | Noticed an eleionoma
 21503 | Swamp:1  | Noticed Nikola
 21616 | Swamp:1  | Killed an eleionoma
 21685 | Swamp:1  | Killed Nikola
 21758 | Swamp:1  | Reached ****** piety under Zin
 22026 | Swamp:2  | Noticed a tentacled monstrosity
 22140 | Swamp:1  | Noticed an eleionoma
 22155 | Swamp:1  | Learned a level 7 spell: Orb of Destruction
 22160 | Swamp:1  | Learned a level 4 spell: Summon Blazeheart Golem
 22263 | Swamp:1  | Killed an eleionoma
 22345 | Swamp:2  | Noticed an eleionoma
 22370 | Swamp:3  | Reached skill level 10 in Fire Magic
 22370 | Swamp:3  | Reached XP level 15. HP: 67/77 MP: 19/31
 22373 | Swamp:3  | Reached skill level 10 in Conjurations
 22389 | Swamp:3  | Noticed a tentacled monstrosity
 22391 | Swamp:3  | Slain by an alligator

Illustrated notes

Levels and vault maps discovered:
D:1:      dpeg_arrival_stonehenge_8_columns, layout_basic
D:2:      layout_loops_cross
D:3:      cheibrodos_old_hovel, layout_basic, grunt_ministairs_8, uniq_grinder
D:4:      layout_layer_cave, grunt_temple_overflow_lords_of_destruction,
          mainiacjoe_overflow_boulevard, minmay_temple_entry_stoned_glass
D:5:      layout_basic, serial_shops, shop, dilly_guarded_unrand_devastator,
          uniq_blork_the_orc
D:6:      layout_gridville, chequers_serial_rivers_small_b, nicolae_letterblocks
          [nicolae_letter_subblock, nicolae_letter_subblock,
          nicolae_letter_subblock, nicolae_letter_subblock,
          nicolae_letter_subblock, nicolae_letter_subblock,
          nicolae_letter_subblock, nicolae_letter_subblock,
          nicolae_letter_subblock, nicolae_letter_subblock,
          nicolae_letter_subblock, nicolae_letter_subblock,
          nicolae_letter_subblock, nicolae_letter_subblock,
          nicolae_letter_subblock, nicolae_letter_subblock,
          nicolae_letter_subblock, nicolae_letter_subblock,
          nicolae_letter_subblock, nicolae_letter_subblock,
          nicolae_letter_subblock, nicolae_letter_subblock,
          nicolae_letter_subblock, nicolae_letter_subblock,
          nicolae_letter_subblock]
D:7:      layout_basic, st_stairs_14, minmay_liquid_box, serial_bayou_ford_a,
          nicolae_underground_beach
D:8:      minmay_goldmine, layout_gridville
D:9:      layout_roguey, mainiacjoe_overflow_alcove_1, hiddenorc1_lemuel,
          nicolae_blasting_shop
D:10:     layout_stronghold, kennysheep_mini_moat,
          minmay_overflow_temple_star_quad, serial_shops, kennysheep_little_box
D:11:     layout_loops_ring, lair_entry_dummy,
          portal_ice_cave_entry_ice_simulacra, gammafunk_ghost_hydra_chop,
          uniq_maurice
Temple:   dpeg_chambers_temple
Lair:1:   layout_cave_pods, grunt_forest_small_clearings, grunt_megastairs_5,
          uniq_amaemon
Lair:2:   layout_cave_pods, ebering_ghost_disaster_area
Lair:3:   layout_small_grid, palyth_hydra_swamp_entry,
          nicolae_spider_entry_tight_spaces
Lair:4:   layout_long_grid, minmay_slime_entry_pillars
Lair:5:   minmay_lair_end_enchanted_forest, layout_cave_pods, enter_volcano_2,
          basic_altar, hibernation_bobbens
Swamp:1:  layout_basic_swamp, hangedman_swamp_cone, uniq_nikola
Swamp:2:  layout_basic_swamp, hangedman_swamp_ruin_wall, swamp_pool_4,
          grunt_hermit_hut
Swamp:3:  layout_basic_swamp, evilmike_swamp_ruin_house_1, swamp_pool_1_2,
          infiniplex_staircase_pool
Orc:1:    layout_diamond_mine
Orc:2:    st_orc_mages, layout_caves, roderic_batcave
Elf:1:    nicolae_elf_arrival_dilemma, layout_rooms, minmay_elf_demonology,
          drop_trap

Skill      XL: |  1  2  3  4  5  6  7  8  9 10 11 12 13 14 15 |
---------------+----------------------------------------------+-----
Stealth        | 3 4 5 6 7 |  7.0
Fighting       | 1 2 3 4 5 6 7 |  7.9
Dodging        | 2 3 4 5 6 7 |  7.3
Short Blades   | 1 2 3 |  3.0
Spellcasting   | 3 4 5 6 7 9 10 11 | 11.4
Summonings     | 1 2 3 4 |  4.3
Conjurations   | 5 6 7 8 9 10 | 10.0
Invocations    | 1 2 3 4 5 6 7 |  7.6
Shields        | 2 3 4 5 6 7 |  7.3
Translocations | 2 3 4 5 |  5.0
Fire Magic     | 2 4 5 7 8 10 | 10.0
Hexes          | 2 4 5 |  5.0
Ranged Weapons | 1 |  1.8
Alchemy        | 1 2 4 |  4.0
Unarmed Combat | |  0.8

Action                     |  1- 3 |  4- 6 |  7- 9 | 10-12 | 13-15 || total
---------------------------+-------+-------+-------+-------+-------++-------
  Melee: Unarmed           |   103 |       |       |       |       ||   103
         Bite              |    29 |     4 |    36 |    92 |    78 ||   239
         Punch             |     3 |     1 |     1 |     4 |       ||     9
         Dagger            |    13 |    32 |   136 |   276 |   267 ||   724
  Throw: Dart              |       |       |       |     3 |     9 ||    12
   Cast: Magic Dart        |     6 |    40 |    83 |    48 |    36 ||   213
         Searing Ray       |       |     4 |    30 |    51 |    64 ||   149
         Call Canine Famil |       |     2 |     6 |    15 |    12 ||    35
         Iskenderun's Myst |       |       |     1 |    18 |    29 ||    48
         Inner Flame       |       |       |     9 |     9 |       ||    18
         Flame Wave        |       |       |     2 |    39 |    70 ||   111
         Fulminant Prism   |       |       |       |    16 |    34 ||    50
         Summon Blazeheart |       |       |       |       |     1 ||     1
 Invoke: Heal Self         |       |       |     1 |       |       ||     1
         Donate Gold       |       |       |       |     1 |       ||     1
         Recite            |       |       |       |     2 |       ||     2
         Vitalisation      |       |       |       |     1 |       ||     1
         Sanctuary         |       |       |       |       |     1 ||     1
  Evoke: Wand              |       |       |       |       |     1 ||     1
    Use: Scroll            |       |     4 |    12 |     9 |    11 ||    36
         Potion            |       |     1 |     2 |    13 |     4 ||    20
   Stab: Sleeping          |    12 |     3 |     8 |     5 |     6 ||    34
         Distracted        |       |       |     2 |       |       ||     2
         Invisible         |       |       |       |     6 |       ||     6
 Armour: Robe              |    63 |    13 |    85 |   296 |   314 ||   771
  Dodge: Dodged            |    73 |    11 |    66 |   333 |   317 ||   800
  Block: Other             |       |       |    23 |     9 |       ||    32
         Kite shield       |       |       |       |    22 |   244 ||   266

Table legend: (Time is in decaauts)
 A = Elapsed time spent in this place.
 B = Non-inter-level travel time spent in this place.
 C = Inter-level travel time spent in this place.
 D = Time resting spent in this place.
 E = Time spent auto-exploring this place.
 F = Levels seen in this place.
 G = Mean time per level.
                   A        B        C        D        E       F      G
               +--------+--------+--------+--------+--------+-----+--------+
         Total |  22478 |  21429 |   1049 |   1097 |  12760 |  24 |  936.6 |
       Dungeon |  12353 |  11527 |    826 |    525 |   7943 |  11 | 1123.0 |
        Temple |    246 |    234 |     12 |      0 |      0 |   1 |  246.0 |
          Lair |   6419 |   6216 |    203 |    288 |   3623 |   5 | 1283.8 |
         Swamp |    959 |    953 |      6 |     40 |    411 |   3 |  319.7 |
  Orcish Mines |   2247 |   2247 |      0 |    244 |    782 |   2 | 1123.5 |
   Elven Halls |     89 |     89 |      0 |      0 |      0 |   1 |   89.0 |
      Ice Cave |    163 |    163 |      0 |      0 |      0 |   1 |  163.0 |
               +--------+--------+--------+--------+--------+-----+--------+

Top non-repeatable levels by time:
  Lair:5: 1645 daAuts
   Orc:2: 1577 daAuts
  Lair:3: 1518 daAuts
     D:5: 1398 daAuts
    D:10: 1365 daAuts
     D:6: 1342 daAuts
     D:9: 1285 daAuts
     D:4: 1278 daAuts
     D:7: 1119 daAuts
  Lair:2: 1107 daAuts
  Lair:1: 1106 daAuts
     D:3: 1044 daAuts
  Lair:4: 1041 daAuts
     D:8: 981 daAuts
     D:1: 912 daAuts
